 Dungeon Crawl Stone Soup version 0.31-a0-1267-gfedaa18580 (webtiles) character file.

Game seed: 17932775323343414618

1139 BubbleThief the Poker (level 8, -2/51 (66) HPs)
             Began as a Demonspawn Cinder Acolyte on Dec 17, 2023.
             Was a High Priest of Ignis.
             Killed by divine providence
             ... invoked by Jeremiah
              (7 damage)
             ... on level 8 of the Dungeon.
             The game lasted 00:10:05 (5189 turns).

BubbleThief the Poker (Demonspawn Cinder Acolyte)   Turns: 5189, Time: 00:10:06

HP:   -2/51 (66)    AC: 13    Str: 16    XL:     8   Next: 14%
MP:   18/18         EV: 11    Int: 16    God:    Ignis [*****.]
Gold: 374           SH:  5    Dex:  8    Spells: 7/9 levels left

rFire   + . .        a - -1 spear (flame)
rCold   + + .        (no shield)
rNeg    + . .        E - +1 robe of Fanaticism {rC++ Will- SInv Stlth+}
rPois   .            (no helmet)
rElec   .            (no cloak)
rCorr   .            w - +0 pair of gloves
SInv    +            f - +0 pair of boots
Will    .....        k - amulet of reflection
Stlth   ++           l - ring of positive energy
HPRegen 0.28/turn    m - ring of magical power
MPRegen 0.16/turn

%: reflection
@: fiery-armoured, heavily drained
A: rugged brown scales 1, demonic guardian 1, weakness stinger 2
a: Renounce Religion, Fiery Armour, Foxfire Swarm, Rising Flame


You were on level 8 of the Dungeon.
You worshipped Ignis.
Ignis was extremely pleased with you.
You visited 1 branch of the dungeon, and saw 6 of its levels.

You collected 374 gold pieces.

Inventory:

Hand Weapons
 a - a -1 spear of flaming (weapon)
 G - a +0 glaive
Missiles
 x - 6 curare-tipped darts
Armour
 b - a +0 robe
 f - a +0 pair of boots (worn)
 w - a +0 pair of gloves (worn)
 D - a +1 ring mail of fire resistance
 E - the +1 robe of Fanaticism (worn) {rC++ Will- SInv Stlth+}
   (You found it on level 4 of the Dungeon)

   rC++:      It greatly protects you from cold.
   Will-:     It decreases your willpower.
   SInv:      It lets you see invisible.
   Stlth+:    It makes you more stealthy.
Jewellery
 j - an amulet of guardian spirit
 k - an amulet of reflection (around neck)
 l - a ring of positive energy (left hand)
 m - a ring of magical power (right hand)
 n - a +5 ring of evasion
Wands
 z - a wand of roots (3)
Scrolls
 c - 5 scrolls of teleportation
 g - 2 scrolls of identify
 h - 2 scrolls of poison
 t - a scroll of fog {unknown}
 y - a scroll of immolation {unknown}
 B - a scroll of revelation {unknown}
 C - a scroll of torment {unknown}
 F - a scroll of vulnerability {unknown}
Potions
 d - 2 potions of curing
 e - 4 potions of heal wounds
 i - a potion of lignification {unknown}
 o - 2 potions of ambrosia {unknown}
 p - a potion of mutation {unknown}
 q - 3 potions of attraction {unknown}
 r - 2 potions of degeneration {unknown}
 s - a potion of enlightenment {unknown}
 u - a potion of brilliance {unknown}
 v - a potion of cancellation {unknown}
 A - a potion of might {unknown}


   Skills:
 + Level 6.3 Fighting
 * Level 7.7 Polearms
 - Level 1.0 Spellcasting
 - Level 2.6 Fire Magic


You had 7 spell levels left.
You knew the following spells:

 Your Spells              Type           Power      Damage    Failure   Level
a - Scorch                Fire           18%        2d5       12%         2

Your spell library contained the following spells:

 Spells                   Type           Power      Damage    Failure   Level
 Slow                     Hex            0%         N/A       22%         1
 Ensorcelled Hibernation  Hex/Ice        0%         N/A       34%         2
 Passwall                 Tmut/Erth      0%         N/A       34%         2
 Confusing Touch          Hex            0%         N/A       56%         3
 Sigil of Binding         Hex            0%         N/A       56%         3
 Swiftness                Air            0%         N/A       56%         3
 Vampiric Draining        Necr           0%         2d6       56%         3


Dungeon Overview and Level Annotations

Branches:
Dungeon (5/15)
 Temple: D:4-7

Altars:
Cheibriados

Annotations:
D:8 Jeremiah


Innate Abilities, Weirdness & Mutations

You are partially covered in rugged brown scales. (AC +1, +3% HP)
A weak demonic guardian rushes to your aid.
You have a tail ending in a sharp stinger.


Message History

Jeremiah is almost dead.
The butterfly disappears in a burst of colours!
The bullfrog hits you but does no damage.
The bullfrog is burned by your cloak of flames.
The bullfrog is almost dead.
Jeremiah misses you.
Unknown command.
Reach: a) -1 spear (flame)
Press: ? - help, Dir - move target, f/p - Jeremiah
Aim: Jeremiah, wielding a +3 trident of draining, wearing a +0 robe, wearing an orb of energy and carrying a wand of paralysis (almost dead, about 44% to evade your -1 spear of flaming)
You reach to attack!
You hit Jeremiah but do no damage.
Jeremiah is almost dead.
The bullfrog barely misses you.
Jeremiah hits you from afar with a +3 trident of draining!
* * * LOW HITPOINT WARNING * * *
You partially resist.
You feel drained.
Unknown command.
Reach: a) -1 spear (flame)
Press: ? - help, Dir - move target, f/p - Jeremiah
Aim: Jeremiah, wielding a +3 trident of draining, wearing a +0 robe, wearing an orb of energy and carrying a wand of paralysis (almost dead, about 44% to evade your -1 spear of flaming)
The butterfly is in the way.
You closely miss the butterfly. You block the bullfrog's attack.
The bullfrog misses you.
Unknown command.
Reach: a) -1 spear (flame)
Press: ? - help, Dir - move target, f/p - Jeremiah
Aim: Jeremiah, wielding a +3 trident of draining, wearing a +0 robe, wearing an orb of energy and carrying a wand of paralysis (almost dead, about 44% to evade your -1 spear of flaming)
The butterfly is in the way.
You hit the butterfly. You burn the butterfly.
You kill the butterfly!
The butterfly disappears in a burst of colours! x2
Jeremiah hits you but does no damage. You partially resist.
The bullfrog closely misses you.
Unknown command.
Reach: a) -1 spear (flame)
Press: ? - help, Dir - move target, f/p - Jeremiah
Aim: Jeremiah, wielding a +3 trident of draining, wearing a +0 robe, wearing an orb of energy and carrying a wand of paralysis (almost dead, about 44% to evade your -1 spear of flaming)
The butterfly is in the way.
You closely miss the butterfly.
Jeremiah mumbles a slurred invocation.
Something smites you!
You die...
Jeremiah asks, "Is it over?
Can I wake up now?"

#.##############
#.##bbb.........
##.##bbb......#
#.b.bFb...##..#
#..##b###.##..####
##...#@# #.##.....#
#...bF.###........#
######...#............#
........##.######.##.###.#
#######.##.######.........
#.##.........#.###.
##'##########.#.## ##...##
#.#..# ##.....## ##.##.#


You could see Jeremiah and a bullfrog.

Vanquished Creatures
  Pikel (D:4)
  A centaur (D:8)
  3 lemures (D:4)
  2 scorpions (D:4)
  The ghost of Enteu the Ruffian, a weakling TrBe of Trog (D:4)
  A water moccasin skeleton (D:4)
  A centaur zombie (D:4)
  A jelly (D:5)
  A bullfrog skeleton (D:4)
  A hound (D:5)
  An orc wizard (D:3)
  A mummy (D:4)
  4 gnolls (D:4)
  7 adders
  3 dart slugs
  10 orcs
  11 ball pythons
  7 endoplasms
  4 giant cockroaches
  9 goblins
  6 hobgoblins
  3 jackals (D:4)
  3 kobolds
  4 quokkas
  10 bats
  7 frilled lizards
  5 rats
108 creatures vanquished.

Vanquished Creatures (collateral kills)
  A lemure (D:4)
  An iguana (D:4)
  A giant cockroach (D:1)
  A kobold (D:1)
4 creatures vanquished.

Grand Total: 112 creatures vanquished

Notes
Turn   | Place    | Note
-------+----------+-------------------------------------------
     0 | D:1      | BubbleThief the Demonspawn Cinder Acolyte began the quest
                  | for the Orb.
     0 | D:1      | Reached XP level 1. HP: 18/18 MP: 2/2
    51 | D:1      | Reached skill level 3 in Polearms
    59 | D:1      | Gained mutation: A weak demonic guardian rushes to your
                  | aid. [demonic ancestry]
    59 | D:1      | Reached XP level 2. HP: 7/24 MP: 3/3
   244 | D:1      | Learned a level 2 spell: Scorch
   515 | D:1      | Reached XP level 3. HP: 29/29 MP: 4/4
  1261 | D:2      | Reached skill level 4 in Polearms
  1261 | D:2      | Gained mutation: You are partially covered in rugged brown
                  | scales. (AC +1, +3% HP) [demonic ancestry]
  1261 | D:2      | Reached XP level 4. HP: 30/38 MP: 5/5
  1455 | D:2      | Found a faded altar of an unknown god.
  2243 | D:3      | Gained mutation: You have a small tail. [demonic ancestry]
  2243 | D:3      | Reached XP level 5. HP: 30/43 MP: 6/6
  2812 | D:4      | Identified the +1 robe of Fanaticism {rC++ Will- SInv
                  | Stlth+}
  3079 | D:4      | Noticed a lemure
  3079 | D:4      | Noticed a lemure
  3099 | D:4      | Killed a lemure
  3226 | D:4      | Reached skill level 5 in Polearms
  3272 | D:4      | Found a runed translucent gate.
  3272 | D:4      | Found a runed translucent gate.
  3272 | D:4      | Found a runed translucent gate.
  3325 | D:4      | Gained mutation: You have a tail ending in a sharp stinger.
                  | [demonic ancestry]
  3325 | D:4      | Reached XP level 6. HP: 50/50 MP: 7/7
  3415 | D:4      | Noticed Pikel
  3426 | D:4      | HP: 1/50 [Pikel/+1 whip of electrocution (20)]
  4106 | D:4      | Found a snail-covered altar of Cheibriados.
  4262 | D:4      | Noticed Enteu's ghost (weakling TrBe)
  4610 | D:4      | Killed Pikel
  4611 | D:4      | Reached skill level 5 in Fighting
  4611 | D:4      | Reached skill level 7 in Polearms
  4611 | D:4      | Reached XP level 7. HP: 47/58 MP: 5/8
  4757 | D:4      | Killed Enteu's ghost
  4771 | D:4      | Reached XP level 8. HP: 53/65 MP: 9/9
  4878 | D:5      | Entered Level 5 of the Dungeon
  5009 | D:5      | You fall into a shaft and drop 3 floors!
  5133 | D:8      | Noticed Jeremiah
  5159 | D:8      | Paralysed by Jeremiah for 3 turns
  5189 | D:8      | Killed from afar by Jeremiah

Illustrated notes

Levels and vault maps discovered:
D:1:      ldierk_walled_garden_2, layout_rooms
D:2:      layout_loops_ring, shapermc_ecumenical_altar_mp_vishouse,
          serial_bayou_lagoon_a
D:3:      layout_basic
D:4:      layout_loops_ring, chei_slow_surprise, gammafunk_ghost_necromancy,
          uniq_pikel
D:5:      layout_cave_pods, minmay_temple_entry_waves
D:8:      layout_loops_corners, nicolae_wu_jian_wuxing_cycle,
          mainiacjoe_overflow_brackets, grunt_lair_entry_orc_guard_hut,
          uniq_jeremiah

Skill      XL: |  1  2  3  4  5  6  7 |
---------------+----------------------+-----
Polearms       | 3 4 5 7 |  7.7
Fighting       | 4 5 6 |  6.3
Spellcasting   | |  1.0
Fire Magic     | |  2.6

Action                     |  1- 3 |  4- 6 |  7- 9 || total
---------------------------+-------+-------+-------++-------
  Melee: Spear             |   129 |   162 |    73 ||   364
         Tailslap          |       |    18 |    13 ||    31
         Punch             |       |       |     2 ||     2
   Cast: Scorch            |    11 |    80 |    10 ||   101
 Invoke: Fiery Armour      |       |       |     2 ||     2
  Evoke: Wand              |       |     1 |     2 ||     3
    Use: Scroll            |       |       |     4 ||     4
   Stab: Sleeping          |       |     1 |       ||     1
 Armour: Robe              |    65 |    65 |    45 ||   175
         Ring mail         |       |    16 |       ||    16
  Dodge: Dodged            |    60 |    59 |    32 ||   151
  Block: Other             |     6 |    30 |    17 ||    53
         Reflection        |     2 |       |       ||     2

Table legend: (Time is in decaauts)
 A = Elapsed time spent in this place.
 B = Non-inter-level travel time spent in this place.
 C = Inter-level travel time spent in this place.
 D = Time resting spent in this place.
 E = Time spent auto-exploring this place.
 F = Levels seen in this place.
 G = Mean time per level.
                   A        B        C        D        E       F      G
               +--------+--------+--------+--------+--------+-----+--------+
         Total |   5141 |   4899 |    242 |    311 |   3639 |   6 |  856.8 |
       Dungeon |   5141 |   4899 |    242 |    311 |   3639 |   6 |  856.8 |
               +--------+--------+--------+--------+--------+-----+--------+

Top non-repeatable levels by time:
     D:4: 1780 daAuts
     D:3: 1315 daAuts
     D:2: 1073 daAuts
     D:1: 670 daAuts
     D:8: 172 daAuts
     D:5: 129 daAuts
